 Dungeon Crawl Stone Soup version 0.26-a0-597-gb535b0901c (webtiles) character file.

Game seed: 179912514278009112

2 ANON1729 the Sneak (level 1, 0/18 HPs)
             Began as a Demonspawn Delver on Aug 25, 2020.
             Succumbed to a scorpion's poison
             ... on level 5 of the Dungeon.
             The game lasted 00:00:44 (135 turns).

ANON1729 the Sneak (Demonspawn Delver)               Turns: 135, Time: 00:00:44

Health: 0/18       AC:  3    Str: 12    XL:     1   Next: 25%
Magic:  1/1        EV: 12    Int: 11    God:
Gold:   0          SH:  0    Dex: 14    Spells: 0/0 levels left

rFire    . . .     SeeInvis .   a - +0 falchion
rCold    . . .     Faith    .   (no shield)
rNeg     . . .     Spirit   .   b - +0 leather armour
rPois    .         Reflect  .   (no helmet)
rElec    .         Harm     .   (no cloak)
rCorr    .                      (no gloves)
MR       .....                  (no boots)
Stlth    +++.......             (no amulet)
HPRegen  0.06/turn              (no ring)
MPRegen  0.07/turn              (no ring)

@: lethally poisoned (0 -> -6), hasted, very quick
A: no striking features
a: no special abilities


You were on level 5 of the Dungeon.
You visited 1 branch of the dungeon, and saw 1 of its levels.

Inventory:

Hand Weapons
 a - a +0 falchion (weapon)
Armour
 b - a +0 leather armour (worn)
Wands
 g - a wand of digging (3)
Scrolls
 c - a scroll of fog
 d - a scroll of magic mapping
 h - a scroll of identify {unknown}
 i - a scroll of blinking {unknown}


   Skills:
 + Level 3.0 Fighting
 + Level 1.8 Long Blades
 + Level 1.8 Dodging
 + Level 4.5 Stealth


You couldn't memorise any spells.
You didn't know any spells.
Your spell library contained the following spells:

 Spells                   Type           Power        Failure   Level
 Foxfire                  Conj/Fire      #...         41%         1
 Conjure Flame            Conj/Fire      #.......     80%         3
 Inner Flame              Hex/Fire       #.......     80%         3
 Sticky Flame             Conj/Fire      #.......     99%         4
 Fireball                 Conj/Fire      #.........   100%        5


Dungeon Overview and Level Annotations

Branches:
Dungeon (5/15)
 Temple: D:4-7

Altars:


Message History

Okay, then.
The scorpion stings you.
You are poisoned.
The scorpion poisons you!
You feel sick. The orc barely misses you.
You riposte.
You hit the orc.
The orc is moderately wounded.
You hit the orc.
The orc is heavily wounded.
You feel sick. The orc hits you.
* * * LOW HITPOINT WARNING * * *
The orc hits you but does no damage. The scorpion stings you.
* * * LOW HITPOINT WARNING * * *
Okay, then.
As you read the scroll of fear, it crumbles to dust.
You assume a fearsome visage.
The orc looks frightened! x3
The scorpion looks frightened!
You feel yourself speed up.
* * * LOW HITPOINT WARNING * * *
You feel sick.
You die...

######### #...o...# #####
#.......## ##...## ###
##........#####.....## ##.#
#............'(...>..# ##..#
#...o@.......'s.>....# ##...#
##..........#.'....>..#
##....###............###.....##
##.....##.#...........# ##...##
##......o.##...........# #####
#.....o..###....o......#
#.......## #...........#
.......## #..........##
.......# #.........##


You could see 3 orcs.

Vanquished Creatures
  An orc (D:5)
1 creature vanquished.

Notes
Turn   | Place    | Note
-------+----------+-------------------------------------------
     0 | D:5      | ANON1729 the Demonspawn Delver began the quest for the Orb.
     0 | D:5      | Reached XP level 1. HP: 18/18 MP: 1/1
    84 | D:5      | Noticed a scorpion
   135 | D:5      | Succumbed to a scorpion's poison

Illustrated notes

Levels and vault maps discovered:
D:5:      layout_cave_pods, minmay_temple_entry_slanted, serial_shops, shop,
          kennysheep_windowed_goal

Action                   || total
-------------------------++-------
Melee: Falchion          ||    10
  Use: Scroll            ||     1
       Potion            ||     1
Armor: Leather armour    ||     4
Dodge: Dodged            ||     9
       Rpst.: Falchion   ||     4

Table legend: (Time is in decaauts)
 A = Elapsed time spent in this place.
 B = Non-inter-level travel time spent in this place.
 C = Inter-level travel time spent in this place.
 D = Time resting spent in this place.
 E = Time spent auto-exploring this place.
 F = Levels seen in this place.
 G = Mean time per level.
                   A        B        C        D        E       F      G
               +--------+--------+--------+--------+--------+-----+--------+
         Total |    136 |    136 |      0 |      0 |     73 |   1 |  136.0 |
       Dungeon |    136 |    136 |      0 |      0 |     73 |   1 |  136.0 |
               +--------+--------+--------+--------+--------+-----+--------+

Top non-repeatable levels by time:
     D:5: 136 daAuts
